 Dungeon Crawl Stone Soup version 0.18.1-8-gdd0e5ea (webtiles) character file.

5657 Scarto the Skirmisher (level 10, -11/120 HPs)
             Began as a Demonspawn Fighter on May 23, 2016.
             Was a High Priest of Okawaru.
             Mangled by Maud
             ... wielding a +1 scimitar
              (20 damage)
             ... on level 10 of the Dungeon.
             The game lasted 00:18:03 (8776 turns).

Scarto the Skirmisher (Demonspawn Fighter)          Turns: 8776, Time: 00:18:04

Health: -11/120    AC: 25    Str: 23    XL:     10   Next: 46%
Magic:  10/10      EV:  2    Int: 10    God:    Okawaru [*****.]
Gold:   533        SH: 16    Dex: 13    Spells: 0 memorised, 9 levels left

rFire  . . .     SeeInvis .     a - +3 trident
rCold  . . .     Gourm    .     (armour currently unavailable)
rNeg   + + +     Faith    .     F - +0 large shield
rPois  +         Spirit   .     (helmet unavailable)
rElec  .         Dismiss  .     (cloak currently unavailable)
rCorr  .         Reflect  .     (gloves currently unavailable)
SustAt .         Harm     .     (boots currently unavailable)
MR     +....     NoTele   +     p - amulet of rage
Stlth  +.........               y - ring of protection from magic
                                q - +4 ring of strength

@: tree-form, drained, somewhat resistant to hostile enchantments, very
unstealthy
A: (horns 0), (thin metallic scales 0), powered by death 1
a: Heroism, Finesse, Renounce Religion, Evoke Berserk Rage


You were on level 10 of the Dungeon.
You worshipped Okawaru.
Okawaru was extremely pleased with you.
You were completely stuffed.
You were a tree.
You visited 1 branch of the dungeon, and saw 10 of its levels.

You collected 533 gold pieces.

Inventory:

Hand Weapons
 a - a +3 trident (weapon)
Missiles
 d - 4 tomahawks (quivered)
Armour
 u - a +1 plate armour of magic resistance (melded)
 v - a +1 pair of gloves of dexterity (melded)
 x - a +1 pair of boots (melded)
 F - a +0 large shield (worn)
Jewellery
 p - an amulet of rage (around neck)
 q - a +4 ring of strength (left branch)
 y - a ring of protection from magic (right branch)
Scrolls
 b - 2 scrolls of identify
 i - 2 scrolls of remove curse
 n - a scroll of amnesia
 t - a scroll of fear
Potions
 e - 3 potions of haste
 g - 3 potions of cancellation
 j - 2 potions of invisibility
 k - 2 potions of lignification
 l - 2 potions of curing
 o - 2 potions of cure mutation
 w - a potion of brilliance
Comestibles
 h - 6 fruits
 E - 5 bread rations


   Skills:
 + Level 7.8(7.1) Fighting
 + Level 6.5(5.9) Polearms
 + Level 7.1(6.5) Armour
 + Level 6.1(5.4) Dodging
 + Level 7.1(6.4) Shields


You had 9 spell levels left.
You didn't know any spells.

Dungeon Overview and Level Annotations

Branches:
Dungeon (10/15)            Temple (0/1) D:6
   Lair: D:8-11         Orc: D:9-12

Altars:
Dithmenos
Makhleb
Okawaru
Vehumet
The Shining One

Shops:
D:8 *

Annotations:
D:10 Maud


Innate Abilities, Weirdness & Mutations

((You have a pair of large horns on your head.))
((You are mostly covered in thin metallic scales (AC +3).))
You regenerate a little health from kills.


Message History

Maud is moderately wounded.
Maud hits you but does no damage.
You puncture Maud!
Maud is moderately wounded.
Maud hits you with an enchanted scimitar!!
* * * LOW HITPOINT WARNING * * *
You closely miss Maud.
Maud is moderately wounded.
You block Maud's attack.
You hit Maud but do no damage.
Maud is moderately wounded.
Maud hits you with an enchanted scimitar!
* * * LOW HITPOINT WARNING * * *
You hit Maud.
Maud is heavily wounded.
You block Maud's attack.
You hit Maud but do no damage.
Maud is heavily wounded.
Maud hits you with an enchanted scimitar!!
You die...

....
#..
#..
#..
#.#
#c#
#@#
#♣#
#.#
#.#
#.#
).#
.##
. #.


You could see Maud and a centaur.

Vanquished Creatures
  The ghost of Marenglen the Basher, a novice TrAM of Ru (D:8)
  A spriggan (D:7)
  9 yaks (D:9)
  A hippogriff (D:9)
  The ghost of hawthorn the Insei, an amateur TeMo (D:4)
  2 orc warriors
  2 sky beasts
  A phantom (D:8)
  9 ogres
  2 centaurs
  A crocodile (D:9)
  3 big kobolds
  A scorpion (D:9)
  3 killer bees (D:8)
  4 howler monkeys (D:9)
  4 crimson imps
  3 centaur zombies
  A giant frog zombie (D:8)
  A quasit (D:9)
  2 orc priests
  A centaur skeleton (D:5)
  2 hounds
  2 jellies
  2 giant frog skeletons
  An iguana (D:9)
  9 orc wizards
  7 worker ants
  A hound skeleton (D:8)
  A howler monkey skeleton (D:5)
  7 adders
  10 gnolls
  3 shadow imps
  An ooze (D:4)
  An adder zombie (D:5)
  An adder skeleton (D:9)
  A worm (D:4)
  2 dart slugs
  2 giant geckos
  25 orcs
  7 bats
  7 giant cockroaches
  6 goblins
  9 hobgoblins
  11 jackals
  21 kobolds
  A quokka (D:6)
  A ball python (D:6)
  A giant cockroach zombie (D:6)
  5 giant newts
  A quokka skeleton (D:4)
  4 rats
205 creatures vanquished.

Notes
Turn   | Place    | Note
--------------------------------------------------------------
     0 | D:1      | Scarto the Demonspawn Fighter began the quest for the Orb.
     0 | D:1      | Reached XP level 1. HP: 18/18 MP: 1/1
   459 | D:1      | Gained mutation: You have a pair of small horns on your head. [demonic ancestry]
   459 | D:1      | Reached XP level 2. HP: 24/24 MP: 2/2
   621 | D:1      | Gained mutation: You have a pair of horns on your head. [demonic ancestry]
   621 | D:1      | Reached XP level 3. HP: 29/29 MP: 3/3
  1476 | D:2      | Found a radiant altar of Vehumet.
  1587 | D:2      | Reached XP level 4. HP: 33/35 MP: 4/4
  1839 | D:2      | Found an iron altar of Okawaru.
  1859 | D:2      | Became a worshipper of Warmaster Okawaru
  2114 | D:3      | Gained mutation: You are partially covered in thin metallic scales (AC +2). [demonic ancestry]
  2114 | D:3      | Reached XP level 5. HP: 32/42 MP: 5/5
  2436 | D:3      | Noticed a centaur
  2447 | D:3      | Killed a centaur
  2447 | D:3      | Reached skill level 1 in Dodging
  2447 | D:3      | Gained mutation: You are mostly covered in thin metallic scales (AC +3). [demonic ancestry]
  2447 | D:3      | Reached XP level 6. HP: 31/48 MP: 6/6
  2491 | D:4      | Noticed hawthorn's ghost (amateur TeMo)
  2508 | D:4      | Killed hawthorn's ghost
  2508 | D:4      | Reached * piety under Okawaru
  2511 | D:4      | Gained mutation: You expend magic power (3 MP) to strengthen your wands. [potion of mutation]
  2511 | D:4      | Gained mutation: You are dopey. (Int -2) [potion of mutation]
  2511 | D:4      | Gained mutation: Your magical capacity is low (-10% MP). [potion of mutation]
  3335 | D:4      | Reached XP level 7. HP: 53/55 MP: 6/6
  3616 | D:4      | Found a shadowy altar of Dithmenos.
  3673 | D:5      | Entered Level 5 of the Dungeon
  3817 | D:5      | Reached ** piety under Okawaru
  3817 | D:5      | Reached skill level 5 in Fighting
  4102 | D:5      | Found a glowing golden altar of the Shining One.
  4319 | D:5      | Gained mutation: You regenerate a little health from kills. [demonic ancestry]
  4319 | D:5      | Reached XP level 8. HP: 40/62 MP: 7/7
  4340 | D:5      | Reached skill level 5 in Shields
  4447 | D:5      | Reached skill level 5 in Armour
  4451 | D:5      | Gained mutation: You occasionally shout uncontrollably at your foes. [mutagenic meat]
  4453 | D:5      | Gained mutation: Armour fits poorly on your strangely shaped body. [mutagenic meat]
  4608 | D:6      | Found a burning altar of Makhleb.
  4875 | D:6      | Found a staircase to the Ecumenical Temple.
  5134 | D:7      | Identified a scroll of acquirement
  5653 | D:7      | Reached *** piety under Okawaru
  6063 | D:8      | Lost mutation: Armour fits poorly on your strangely shaped body. [potion of cure mutation]
  6063 | D:8      | Lost mutation: You occasionally shout uncontrollably at your foes. [potion of cure mutation]
  6063 | D:8      | Lost mutation: You expend magic power (3 MP) to strengthen your wands. [potion of cure mutation]
  6063 | D:8      | Lost mutation: Your magical capacity is low (-10% MP). [potion of cure mutation]
  6063 | D:8      | Lost mutation: You are dopey. (Int -2) [potion of cure mutation]
  6119 | D:8      | Gained mutation: You have a pair of large horns on your head. [demonic ancestry]
  6119 | D:8      | Reached XP level 9. HP: 66/69 MP: 9/9
  6165 | D:8      | Noticed Marenglen's ghost (novice TrAM)
  6222 | D:8      | Killed Marenglen's ghost
  6222 | D:8      | Reached **** piety under Okawaru
  6222 | D:8      | Reached skill level 5 in Polearms
  6236 | D:8      | Found Bimuniu's General Store.
  6904 | D:8      | Reached skill level 5 in Dodging
  7455 | D:9      | Reached ***** piety under Okawaru
  7455 | D:9      | Reached XP level 10. HP: 56/79 MP: 10/10
  8751 | D:10     | Entered Level 10 of the Dungeon
  8751 | D:10     | Noticed Maud
  8776 | D:10     | Mangled by Maud

Skill      XL: |  1  2  3  4  5  6  7  8  9 10 |
---------------+-------------------------------+-----
Shields        | 3 4 5 6 7 |  7.1
Polearms       | 2 3 4 6 |  6.5
Armour         | 3 4 5 6 7 |  7.1
Fighting       | 4 5 6 7 |  7.8
Dodging        | 1 2 4 5 6 |  6.1

Action                   |  1- 3 |  4- 6 |  7- 9 | 10-12 || total
-------------------------+-------+-------+-------+-------++-------
Melee: Trident           |   164 |   154 |   482 |   213 ||  1013
       Headbutt          |    17 |    16 |   107 |    45 ||   185
Invok: Heroism           |       |       |     1 |       ||     1
 Abil: Evoke Berserk Rag |       |       |     1 |       ||     1
  Use: Scroll            |     3 |     3 |     9 |     3 ||    18
       Potion            |       |     5 |     7 |     2 ||    14
  Eat: Bread ration      |     1 |     2 |     1 |       ||     4
       Chunk             |       |     1 |     5 |     1 ||     7
       Beef jerky        |       |       |     3 |       ||     3
       Pizza             |       |       |     1 |       ||     1
       Meat ration       |       |       |       |     2 ||     2
Armor: Scale mail        |    11 |       |       |       ||    11
       Plate armour      |   125 |    79 |   277 |   163 ||   644
       Skin              |       |       |       |     1 ||     1
Dodge: Dodged            |    17 |    18 |   114 |    48 ||   197
Block: Shield            |    84 |    27 |       |       ||   111
       Buckler           |       |    32 |   128 |       ||   160
       Large shield      |       |       |   121 |   214 ||   335
